 Dungeon Crawl Stone Soup version 0.29-a0-284-gf9362112df (webtiles) character file.

Game seed: 3186714357665492513

9 holysushi the Grasshopper (level 2, -1/22 HPs)
             Began as a Demonspawn Warper on Mar 19, 2022.
             Slain by a hobgoblin (4 damage)
             ... on level 1 of the Dungeon.
             The game lasted 00:00:21 (223 turns).

holysushi the Grasshopper (Demonspawn Warper)        Turns: 223, Time: 00:00:21

Health: -1/22      AC:  3    Str: 11    XL:     2   Next: 3%
Magic:  5/5        EV:  8    Int: 14    God:
Gold:   24         SH:  0    Dex: 12    Spells: 5/5 levels left

rFire   . . .      SeeInvis .   a - +0 short sword
rCold   . . .      Faith    .   (no shield)
rNeg    . . .      Spirit   .   b - +0 leather armour
rPois   .          Reflect  .   (helmet restricted)
rElec   .          Harm     .   (no cloak)
rCorr   .          Rampage  .   (no gloves)
Will    .....                   (no boots)
Stlth   +.........              (no amulet)
HPRegen 0.07/turn               (no ring)
MPRegen 0.09/turn               (no ring)

@: constricted
A: antennae 1
a: no special abilities


You were on level 1 of the Dungeon.
You visited 1 branch of the dungeon, and saw 1 of its levels.

You collected 24 gold pieces.

Inventory:

Hand Weapons
 a - a +0 short sword (weapon)
Missiles
 d - 7 boomerangs of dispersal (quivered)
Armour
 b - a +0 leather armour (worn)
Jewellery
 f - a ring of willpower
Scrolls
 c - a scroll of blinking
Potions
 e - a potion of attraction {unknown}


   Skills:
 - Level 2.0 Fighting
 + Level 2.1 Short Blades
 - Level 1.0 Throwing
 - Level 1.0 Armour
 - Level 1.8 Dodging
 - Level 2.0 Spellcasting
 - Level 2.7 Translocations


You had 5 spell levels left.
You didn't know any spells.
Your spell library contained the following spells:

 Spells                   Type           Power      Damage    Failure   Level
 Blink                    Tloc           18%        N/A       16%         2
 Gell's Gravitas          Tloc           9%         N/A       30%         3
 Lesser Beckoning         Tloc           9%         N/A       30%         3
 Teleport Other           Tloc           9%         N/A       30%         3
 Manifold Assault         Tloc           9%         N/A       95%         5


Dungeon Overview and Level Annotations

Branches:
Dungeon (1/15)

Altars:


Innate Abilities, Weirdness & Mutations

You have a pair of small antennae on your head.


Message History

You hit the dart slug.
The dart slug is almost dead.
The ball python closely misses you. The ball python constricts you.
The dart slug bites you but does no damage.
Unknown command.
You hit the dart slug.
The dart slug is almost dead.
The ball python bites you but does no damage.
The ball python constricts you. The dart slug barely misses you.
The ball python bites you but does no damage.
The ball python constricts you.
Unknown command.
You hit the dart slug.
You kill the dart slug!
The ball python bites you but does no damage.
The ball python constricts you.
Your Short Blades skill increases to level 2!
You have reached level 2!
You feel monstrous as your demonic heritage exerts itself.
Your demonic ancestry asserts itself...
A pair of antennae grows on your head!
You closely miss the hobgoblin. The hobgoblin completely misses you.
The ball python closely misses you. The ball python constricts you.
Unknown command.
You barely miss the hobgoblin. The hobgoblin closely misses you.
The ball python barely misses you. The ball python constricts you.
Unknown command.
You hit the hobgoblin.
The hobgoblin is severely wounded.
The hobgoblin hits you.
* * * LOW HITPOINT WARNING * * *
The ball python bites you.
* * * LOW HITPOINT WARNING * * *
The ball python constricts you.
* * * LOW HITPOINT WARNING * * *
You hit the hobgoblin.
The hobgoblin is almost dead.
The ball python closely misses you. The ball python constricts you.
The hobgoblin hits you.
You die...

##. #. #.. #.. .# .. #..
..#.. ##.. # ... >...
#.... .... .####.#.# ....
......Sg# ....
#..@######## ....
#..###.#.......?. ####
......##?...#### ... #
###.............##.#..####
.......#.................
#.......................
.....##.................
###.##.................
#....................


You could see a hobgoblin and a ball python.

Vanquished Creatures
  A dart slug (D:1)
  A bat (D:1)
  An endoplasm (D:1)
  2 goblins (D:1)
  2 rats (D:1)
7 creatures vanquished.

Notes
Turn   | Place    | Note
-------+----------+-------------------------------------------
     0 | D:1      | holysushi the Demonspawn Warper began the quest for the
                  | Orb.
     0 | D:1      | Reached XP level 1. HP: 16/16 MP: 3/3
    97 | D:1      | Reached skill level 1 in Armour
   126 | D:1      | Reached skill level 1 in Throwing
   220 | D:1      | Discovered your monstrous ancestry.
   220 | D:1      | Gained mutation: You have a pair of small antennae on your
                  | head. [demonic ancestry]
   220 | D:1      | Reached XP level 2. HP: 11/22 MP: 5/5
   223 | D:1      | Slain by a hobgoblin

Illustrated notes

Levels and vault maps discovered:
D:1:      zaba_arrival_water, layout_rooms

Skill      XL: |  1 |
---------------+----+-----
Armour         | 1 |  1.0
Throwing       | 1 |  1.0
Short Blades   | 2 |  2.1
Fighting       | |  2.0
Dodging        | |  1.8
Spellcasting   | |  2.0
Translocations | |  2.7

Action                   || total
-------------------------++-------
Melee: Short sword       ||    28
Armor: Leather armour    ||     8
Dodge: Dodged            ||    19

Table legend: (Time is in decaauts)
 A = Elapsed time spent in this place.
 B = Non-inter-level travel time spent in this place.
 C = Inter-level travel time spent in this place.
 D = Time resting spent in this place.
 E = Time spent auto-exploring this place.
 F = Levels seen in this place.
 G = Mean time per level.
                   A        B        C        D        E       F      G
               +--------+--------+--------+--------+--------+-----+--------+
         Total |    229 |    229 |      0 |     46 |    112 |   1 |  229.0 |
       Dungeon |    229 |    229 |      0 |     46 |    112 |   1 |  229.0 |
               +--------+--------+--------+--------+--------+-----+--------+

Top non-repeatable levels by time:
     D:1: 229 daAuts
